 Dungeon Crawl Stone Soup version 0.29.1-4-g47bece8355 (webtiles) character file.

Game seed: 11021598898294197708

224 Radix the Cleaver (level 6, 0/44 HPs)
             Began as a Gnoll Wanderer on Dec 12, 2022.
             Slain by a gnoll
             ... wielding a +0 halberd
             ... led by a gnoll bouda
              (4 damage)
             ... on level 5 of the Dungeon.
             The game lasted 00:31:51 (4585 turns).

Radix the Cleaver (Gnoll Wanderer)                  Turns: 4585, Time: 00:31:52

Health: 0/44       AC:  8    Str: 19    XL:     6   Next: 0%
Magic:  11/11      EV:  7    Int: 12    God:
Gold:   142        SH:  5    Dex: 11    Spells: 10/11 levels left

rFire   . . .      SeeInvis .   a - +2 hand axe
rCold   . . .      Faith    .   (no shield)
rNeg    . . .      Spirit   .   t - +0 chain mail
rPois   .          Reflect  +   (no helmet)
rElec   .          Harm     .   (no cloak)
rCorr   +          Rampage  .   (no gloves)
Will    .....                   (no boots)
Stlth   ..........              w - amulet of reflection
HPRegen 0.14/turn               r - +6 ring of strength
MPRegen 0.12/turn               u - ring of resist corrosion

@: no status effects
A: fangs 1, strong nose, distributed training
a: no special abilities


You were on level 5 of the Dungeon.
You visited 1 branch of the dungeon, and saw 5 of its levels.

You collected 142 gold pieces.

Inventory:

Hand Weapons
 a - a +2 hand axe (weapon)
 n - a +0 falchion
Missiles
 b - 12 boomerangs (quivered)
 q - an atropa-tipped dart
Armour
 c - the +2 pair of gloves of Protective Custody {Dex+8}
   (You acquired it on level 5 of the Dungeon)

   Dex:       It affects your dexterity (+8).
 t - a +0 chain mail (worn)
Jewellery
 r - a +6 ring of strength (left hand)
 u - a ring of resist corrosion (right hand)
 w - an amulet of reflection (around neck)
Scrolls
 e - 5 scrolls of identify
 h - a scroll of poison {unknown}
 j - a scroll of enchant weapon {unknown}
 l - a scroll of vulnerability {unknown}
 m - a scroll of blinking {unknown}
 v - a scroll of teleportation {unknown}
Potions
 g - a potion of ambrosia {unknown}
 i - 2 potions of flight
 k - 2 potions of brilliance {unknown}
 o - a potion of haste {unknown}
 p - a potion of lignification {unknown}


   Skills:
 + Level 1.8 Fighting
 + Level 1.8 Short Blades
 + Level 1.8 Long Blades
 + Level 10.6 Axes
 + Level 1.8 Maces & Flails
 + Level 1.8 Polearms
 + Level 1.8 Staves
 + Level 1.8 Ranged Weapons
 + Level 4.9 Throwing
 + Level 1.8 Armour
 + Level 1.8 Dodging
 + Level 1.8 Stealth
 + Level 1.8 Shields
 + Level 1.8 Unarmed Combat
 + Level 3.3 Spellcasting
 + Level 1.4 Conjurations
 + Level 1.4 Hexes
 + Level 1.4 Summonings
 + Level 1.4 Necromancy
 + Level 1.4 Translocations
 + Level 1.4 Transmutations
 + Level 2.5 Fire Magic
 + Level 1.4 Ice Magic
 + Level 1.4 Air Magic
 + Level 1.4 Earth Magic
 + Level 1.4 Poison Magic
 + Level 2.0 Invocations
 + Level 3.1 Evocations


You had 10 spell levels left.
You knew the following spells:

 Your Spells              Type           Power      Damage    Failure   Level
a - Foxfire               Conj/Fire      24%        2x1d5     78%         1

Your spell library contained the following spells:

 Spells                   Type           Power      Damage    Failure   Level
 Magic Dart               Conj           20%        1d4       86%         1
 Call Imp                 Summ           5%         N/A       94%         2
 Conjure Flame            Conj/Fire      6%         6-21      98%         3
 Inner Flame              Hex/Fire       6%         N/A       98%         3
 Ignite Poison            Fire/Tmut/Pois 6%         N/A       99%         3
 Mephitic Cloud           Conj/Pois/Air  5%         N/A       99%         3
 Ozocubu's Armour         Ice            5%         N/A       99%         3
 Sticky Flame             Conj/Fire      6%         2d3       100%        4
 Ozocubu's Refrigeration  Ice            2%         4d8       100%        7


Dungeon Overview and Level Annotations

Branches:
Dungeon (5/15)
 Temple: D:4-7

Altars:
Fedhas

Shops:
D:4 =

Annotations:
D:4 Eustachio


Innate Abilities, Weirdness & Mutations

You have very sharp teeth.
Your uncanny sense of smell can sniff out nearby items.
Your experience applies equally to all skills.


Message History

A gnoll comes into view. It is wielding a +0 halberd.
The gnoll shouts!
You hit the gnoll bouda.
The gnoll bouda is moderately wounded.
The gnoll bouda hits you but does no damage.
You barely miss the gnoll bouda.
The gnoll bouda is moderately wounded.
The gnoll bouda barks out a call to the hunt!
The gnoll picks up the pace!
You hit the gnoll bouda.
You bite the gnoll bouda, but do no damage.
The gnoll bouda is moderately wounded.
The gnoll bouda gazes fiercely through you!
You feel your attacks grow feeble.
The gnoll bouda hits you with a +0 club.
You hit the gnoll bouda but do no damage.
The gnoll bouda is moderately wounded.
The gnoll bouda attacks as you move away!
You block the gnoll bouda's attack. You block the gnoll bouda's attack.
The gnoll hits you but does no damage.
The gnoll bouda attacks as you move away!
The gnoll bouda hits you with a +0 club.
The gnoll hits you but does no damage.
The gnoll bouda attacks as you move away!
The gnoll bouda hits you with a +0 club.
* * * LOW HITPOINT WARNING * * *
The gnoll bouda attacks as you move away!
The gnoll bouda barely misses you.
The gnoll hits you from afar with a +0 halberd.
* * * LOW HITPOINT WARNING * * *
This is a scroll of acquirement!
Something appears at your feet!
Your attacks no longer feel as feeble.
The gnoll bouda hits you with a +0 club.
* * * LOW HITPOINT WARNING * * *
You block the gnoll's attack.
c - the +2 pair of gloves of Protective Custody {Dex+8} The gnoll bouda hits you but does no damage.
The gnoll hits you from afar with a +0 halberd.
You die...

####### #.....#
##.....###
##...>....
........#
####.....#
#........##.#
#......g@...#
#.....g.....#
#####.).........#
#...............#
...###.<......####
# #........#
#.........#
.............
..######..##.##


You could see a gnoll bouda and a gnoll (swift).

Vanquished Creatures
  A jelly (D:5)
  An orc priest (D:3)
  An orc wizard (D:3)
  2 gnolls (D:5)
  2 adders
  4 worms
  3 dart slugs
  5 orcs
  5 ball pythons
  7 endoplasms
  4 giant cockroaches
  4 goblins
  6 hobgoblins
  3 jackals (D:1)
  3 quokkas (D:3)
  6 bats
  4 frilled lizards (D:2)
  11 kobolds
  4 rats
76 creatures vanquished.

Notes
Turn   | Place    | Note
-------+----------+-------------------------------------------
     0 | D:1      | Reached skill level 10 in Axes
     0 | D:1      | Radix the Gnoll Wanderer began the quest for the Orb.
     0 | D:1      | Radix set off with the following items: a +2 hand axe, 8
                  | boomerangs, a +0 dagger, a potion of invisibility, a +0
                  | leather armour; and the following spell memorised: Foxfire;
                  | and the following spells available to memorise: Inner
                  | Flame.
     0 | D:1      | Reached XP level 1. HP: 13/13 MP: 4/4
    73 | D:1      | Reached XP level 2. HP: 9/19 MP: 5/5
   102 | D:1      | Found a faded altar of an unknown god.
   348 | D:1      | Reached XP level 3. HP: 24/25 MP: 7/7
   716 | D:2      | Reached skill level 1 in Invocations
   788 | D:2      | Reached skill level 1 in Fighting
   788 | D:2      | Reached skill level 1 in Short Blades
   788 | D:2      | Reached skill level 1 in Long Blades
   788 | D:2      | Reached skill level 1 in Maces & Flails
   788 | D:2      | Reached skill level 1 in Polearms
   788 | D:2      | Reached skill level 1 in Staves
   788 | D:2      | Reached skill level 1 in Ranged Weapons
   788 | D:2      | Reached skill level 1 in Armour
   788 | D:2      | Reached skill level 1 in Dodging
   788 | D:2      | Reached skill level 1 in Stealth
   788 | D:2      | Reached skill level 1 in Shields
   788 | D:2      | Reached skill level 1 in Unarmed Combat
  1021 | D:2      | Found a blossoming altar of Fedhas.
  1032 | D:2      | Reached XP level 4. HP: 11/32 MP: 8/8
  2441 | D:3      | Reached skill level 1 in Conjurations
  2441 | D:3      | Reached skill level 1 in Hexes
  2441 | D:3      | Reached skill level 1 in Summonings
  2441 | D:3      | Reached skill level 1 in Necromancy
  2441 | D:3      | Reached skill level 1 in Translocations
  2441 | D:3      | Reached skill level 1 in Transmutations
  2441 | D:3      | Reached skill level 1 in Ice Magic
  2441 | D:3      | Reached skill level 1 in Air Magic
  2441 | D:3      | Reached skill level 1 in Earth Magic
  2441 | D:3      | Reached skill level 1 in Poison Magic
  2549 | D:3      | Reached XP level 5. HP: 9/37 MP: 9/9
  4051 | D:4      | Found Boj Ethra's Jewellery Emporium.
  4052 | D:4      | Noticed Eustachio
  4150 | D:5      | Entered Level 5 of the Dungeon
  4567 | D:5      | Reached XP level 6. HP: 24/44 MP: 9/11
  4584 | D:5      | Identified a scroll of acquirement
  4584 | D:5      | Acquired the +2 pair of gloves of Protective Custody
                  | {Dex+8}
  4585 | D:5      | Slain by a gnoll

Illustrated notes

Levels and vault maps discovered:
D:1:      spicycebolla_green_bress_n_ham, layout_rooms,
          hellmonk_ecumenical_altar_arch_garden
D:2:      layout_rooms, basic_altar, serial_rivers,
          chequers_serial_rivers_micro_d, chequers_serial_rivers_marsh,
          chequers_serial_rivers_large_a, chequers_serial_rivers_micro_c,
          chequers_serial_rivers_micro_e
D:3:      layout_basic, minmay_hedge_maze, corner_web_ring,
          kennysheep_generic_room_12
D:4:      layout_basic, grunt_temple_overflow_forces_of_nature, serial_shops,
          nicolae_diamond_shop, shop, shop, uniq_eustachio
D:5:      layout_rooms, chequers_temple_overflow_statue_of_worship,
          uniq_prince_ribbit1, uniq_crazy_yiuf_cottage

Skill      XL: |  1  2  3  4  5 |
---------------+----------------+-----
Axes           | | 10.6
Fire Magic     | 2 |  2.5
Invocations    | 1 2 |  2.0
Fighting       | 1 |  1.8
Short Blades   | 1 |  1.8
Long Blades    | 1 |  1.8
Maces & Flails | 1 |  1.8
Polearms       | 1 |  1.8
Staves         | 1 |  1.8
Ranged Weapons | 1 |  1.8
Armour         | 1 |  1.8
Dodging        | 1 |  1.8
Stealth        | 1 |  1.8
Shields        | 1 |  1.8
Unarmed Combat | 1 |  1.8
Spellcasting   | 3 |  3.3
Conjurations   | 1 |  1.4
Hexes          | 1 |  1.4
Summonings     | 1 |  1.4
Necromancy     | 1 |  1.4
Translocations | 1 |  1.4
Transmutations | 1 |  1.4
Ice Magic      | 1 |  1.4
Air Magic      | 1 |  1.4
Earth Magic    | 1 |  1.4
Poison Magic   | 1 |  1.4
Evocations     | 3 |  3.1
Throwing       | |  4.9

Action                   |  1- 3 |  4- 6 || total
-------------------------+-------+-------++-------
Melee: Hand axe          |    99 |   122 ||   221
       Bite              |     5 |    14 ||    19
       Falchion          |       |    31 ||    31
       Punch             |       |     1 ||     1
Throw: Boomerang         |       |    31 ||    31
       Dart              |       |     4 ||     4
  Use: Potion            |       |     3 ||     3
       Scroll            |       |     3 ||     3
Armor: Scale mail        |    53 |    13 ||    66
       Chain mail        |       |    85 ||    85
Dodge: Dodged            |    41 |    63 ||   104
Block: Other             |       |    34 ||    34
